 Dungeon Crawl Stone Soup version 0.17.2-1-ge4368a0 (webtiles) character file.

3805 diggydiggyhole the Fighter (level 9, -2/93 HPs)
             Began as a Deep Dwarf Berserker on Apr 5, 2017.
             Was a Priest of Trog.
             Slain by a kobold
             ... wielding a +0 dagger
              (3 damage)
             ... on level 3 of the Dungeon.
             The game lasted 00:13:47 (9392 turns).

diggydiggyhole the Fighter (Deep Dwarf Berserker)   Turns: 9392, Time: 00:13:47

Health: -2/93      AC:  0    Str: 21    XL:     9   Next: 96%
Magic:  3/3        EV: 12    Int: 12    God:    Trog [***...]
Gold:   444        SH:  0    Dex: 13    Spells: 0 memorised, 8 levels left

rFire  . . .     SeeInvis .     d - 8 bread rations
rCold  . . .     Clarity  .     (no armour)
rNeg   . . .     SustAt   .     (no shield)
rPois  .         Gourm    .     (no helmet)
rElec  .         Spirit   .     (no cloak)
rCorr  .         Warding  .     (no gloves)
rMut   .         Stasis   .     (no boots)
MR     +....                    (no amulet)
Stlth  +.........               (no ring)
                                (no ring)

@: non-regenerating, drained, somewhat resistant to hostile enchantments, very
unstealthy
A: damage resistance, recharge devices, clever 1, sense surroundings 2, slow
regeneration 3
a: Device Recharging, Berserk, Trog's Hand, Burn Spellbooks, Renounce Religion


You were on level 3 of the Dungeon.
You worshipped Trog.
Trog was most pleased with you.
You were not hungry.

You visited 1 branch of the dungeon, and saw 9 of its levels.

You collected 479 gold pieces.
You spent 35 gold pieces at shops.

Inventory:

Comestibles
 d - 8 bread rations (in hand)


   Skills:
 + Level 10.2(10.1) Fighting
   Level 10.0(9.8) Maces & Flails
 - Level 2.1 Armour
 - Level 2.1 Dodging


You had 8 spell levels left.
You didn't know any spells.

Dungeon Overview and Level Annotations

Branches:
Dungeon (9/15)             Temple (0/1) D:6
   Lair: D:8-11         Orc: D:9-12

Altars:
Ashenzari
Dithmenos
Makhleb
Trog
Vehumet
Zin

Shops:
D:5 ?


Innate Abilities, Weirdness & Mutations

You are resistant to damage.
You can recharge devices by infusing magical energy.
You passively map the area around you.
You do not regenerate naturally.
Your mind is acute. (Int +2)


Message History

The kobold hits you with a dagger.
* * * LOW HITPOINT WARNING * * *
The kobold hits you with a dagger.
* * * LOW HITPOINT WARNING * * *
The kobold barely misses you. The kobold barely misses you.
The kobold hits you with a dagger.
* * * LOW HITPOINT WARNING * * *
The kobold closely misses you. The kobold hits you with a dagger.
The kobold hits you but does no damage. The kobold hits you but does no damage.
The kobold hits you with a dagger. The kobold barely misses you.
The kobold hits you with a dagger. The kobold closely misses you.
The kobold misses you. The kobold barely misses you.
The kobold hits you with a dagger.
You die...

*,* #.####,* **,*****
#....#,* ,,,,,,,*
####.#,* **,***,*
#.#,* *,* *,* #.#,*
*,* *,* #[#,* *,* *,*
#.#,* *,*
*,**#########.#,* *,*
*,**.=.[..K@..#,* *,*
*,**.##########,*
*,***,**,* *,*
*,,,,,,,,**********,*
*****,,,,,,,,,,,,,,,*
*****************


You could see a kobold.

Vanquished Creatures
  2 wyverns
  Sigmund (D:3)
  Eustachio (D:4)
  2 necrophages
  3 ice beasts
  5 ogres
  A sky beast (D:5)
  An orc warrior (D:8)
  3 centaurs
  A phantom (D:5)
  A big kobold (D:8)
  A crocodile (D:3)
  2 giant frogs
  A gnoll sergeant (D:6)
  4 wights (D:9)
  4 scorpions
  2 crimson imps
  6 hounds
  A giant frog zombie (D:8)
  2 jellies
  An iguana (D:5)
  A centaur skeleton (D:7)
  A giant frog skeleton (D:6)
  6 orc wizards
  3 orc priests
  Terence (D:3)
  2 worker ants
  A killer bee zombie (D:5)
  Robin (D:3)
  8 adders
  16 gnolls
  A worker ant zombie (D:6)
  A shadow imp (D:7)
  An ooze (D:1)
  2 worms (D:3)
  5 giant geckos
  7 orcs
  5 ball pythons
  4 giant cockroaches
  10 hobgoblins
  7 jackals
  13 quokkas
  5 bats
  A giant cockroach zombie (D:6)
  4 giant newts
  11 goblins
  A jackal zombie (D:8)
  9 kobolds
  9 rats
181 creatures vanquished.

Notes
Turn   | Place    | Note
--------------------------------------------------------------
     0 | D:1      | diggydiggyhole the Deep Dwarf Berserker began the quest for the Orb.
     0 | D:1      | Reached XP level 1. HP: 20/20 MP: 1/1
   267 | D:1      | Reached XP level 2. HP: 22/27 MP: 2/2
   726 | D:2      | Reached skill level 4 in Maces & Flails
   726 | D:2      | Reached XP level 3. HP: 15/33 MP: 3/3
   851 | D:2      | Found a shattered altar of Ashenzari.
   936 | D:2      | Reached XP level 4. HP: 21/40 MP: 4/4
   975 | D:1      | Reached skill level 5 in Maces & Flails
  1052 | D:2      | Found a bloodstained altar of Trog.
  1076 | D:2      | Reached ** piety under Trog
  1394 | D:3      | Noticed Sigmund
  1410 | D:3      | Gained mutation: Your mind is acute. (Int +2) [potion of beneficial mutation]
  1541 | D:3      | Killed Sigmund
  1541 | D:3      | Reached skill level 6 in Maces & Flails
  1541 | D:3      | Reached XP level 5. HP: 21/46 MP: 5/5
  1541 | D:3      | Reached XP level 6. HP: 25/55 MP: 6/6
  1773 | D:3      | Noticed Robin
  1774 | D:3      | Reached skill level 7 in Maces & Flails
  1791 | D:3      | Killed Robin
  1953 | D:3      | Noticed Terence
  1969 | D:3      | Killed Terence
  2116 | D:3      | Reached *** piety under Trog
  2369 | D:4      | HP: 1/55 [orc priest/divine providence (16)]
  2460 | D:4      | Noticed Eustachio
  2479 | D:4      | Killed Eustachio
  2479 | D:4      | Reached skill level 8 in Maces & Flails
  2479 | D:4      | Reached XP level 7. HP: 39/61 MP: 5/5
  2745 | D:4      | Found a burning altar of Makhleb.
  2907 | D:4      | Reached skill level 9 in Maces & Flails
  3318 | D:5      | Entered Level 5 of the Dungeon
  3319 | D:5      | Found Ecle's Magic Scroll Shop.
  3344 | D:5      | Bought a scroll of fear for 35 gold pieces
  3560 | D:5      | Reached XP level 8. HP: 55/68 MP: 6/6
  3640 | D:5      | Reached skill level 10 in Maces & Flails
  4143 | D:6      | Received a gift from Trog
  4360 | D:6      | Reached skill level 5 in Fighting
  4439 | D:6      | Found a staircase to the Ecumenical Temple.
  4590 | D:6      | Found a glowing silver altar of Zin.
  4646 | D:6      | You fall through a shaft for 2 floors!
  4699 | D:8      | Found a shadowy altar of Dithmenos.
  4795 | D:8      | Gained mutation: You passively map the area around you. [Deep Dwarf growth]
  4795 | D:8      | Reached XP level 9. HP: 35/85 MP: 6/6
  4872 | D:8      | Found a radiant altar of Vehumet.
  6047 | D:9      | Reached skill level 10 in Fighting
  9381 | D:3      | HP: 1/93 [kobold/dagger (5)]
  9392 | D:3      | Slain by a kobold

Action                   |  1- 3 |  4- 6 |  7- 9 || total
-------------------------+-------+-------+-------++-------
Melee: Mace              |    99 |   287 |   705 ||  1091
       Unarmed           |       |       |    21 ||    21
Invok: Berserk           |       |     3 |     2 ||     5
       Trog's Hand       |       |       |    16 ||    16
       Burn Spellbooks   |       |       |     1 ||     1
 Abil: Device Recharging |       |     2 |     4 ||     6
Evoke: Wand              |     1 |     8 |    18 ||    27
  Use: Scroll            |       |     9 |     7 ||    16
       Potion            |       |     5 |       ||     5
  Eat: Chunk             |       |     1 |     4 ||     5
       Meat ration       |       |     1 |     1 ||     2
       Pizza             |       |     1 |     1 ||     2
       Bread ration      |       |     1 |     1 ||     2
       Beef jerky        |       |       |     6 ||     6
